 Dungeon Crawl Stone Soup version 0.17-a0-1262-gd250d98 (webtiles) character file.

2027 Bull the Blocker (level 9, -4/75 HPs)
             Began as a Minotaur Fighter on June 6, 2015.
             Shot with a sling bullet by Joseph (6 damage)
             ... on level 7 of the Dungeon.
             The game lasted 00:16:25 (5836 turns).

Bull the Blocker (Minotaur Fighter)                 Turns: 5836, Time: 00:16:27

Health: -4/75      AC: 11    Str: 22    XL:     9   Next: 3%
Magic:  8/8        EV: 11    Int:  5    God:
Gold:   392        SH: 11    Dex: 12    Spells: 0 memorised, 8 levels left

rFire  . . .     SeeInvis .     a - +0 long sword
rCold  . . .     Clarity  .     b - +0 scale mail
rNeg   + . .     SustAt   .     c - +0 shield
rPois  .         Gourm    .     (helmet restricted)
rElec  .         Spirit   .     f - +0 cloak
rCorr  .         Warding  .     j - +1 pair of gloves
rMut   .         Stasis   .     (no boots)
MR     .....                    l - amulet of faith
Stlth  ..........               w - ring of flight
                                d - ring of positive energy

@: very slightly contaminated, hasted, very quick, not resistant to hostile
enchantments, extremely unstealthy
A: retaliatory headbutt, horns 2
a: Evoke Flight


You were on level 7 of the Dungeon.
You were very hungry.

You visited 1 branch of the dungeon, and saw 8 of its levels.

You collected 392 gold pieces.

Inventory:

Hand weapons
 a - a +0 long sword (weapon)
Armour
 b - a +0 scale mail (worn)
 c - a +0 shield (worn)
 f - a +0 cloak (worn)
 j - a +1 pair of gloves (worn)
Jewellery
 d - a ring of positive energy (left hand)
 l - an amulet of faith (around neck)
 w - a ring of flight (right hand)
Magical devices
 v - a wand of lightning (6)
 y - a wand of draining (11)
 A - a wand of random effects (18)
Scrolls
 h - a scroll of immolation {unknown}
 i - a scroll of fear {unknown}
 m - a scroll of noise {unknown}
 n - a scroll of random uselessness {unknown}
 o - a scroll of enchant armour {unknown}
 q - 2 scrolls of remove curse
 t - a scroll of enchant weapon
 u - 2 scrolls of magic mapping
 B - a scroll of recharging
 D - 2 scrolls of identify
Potions
 k - a potion of curing
 r - a potion of haste
Books
 s - a book of the Tempests

   Spells                             Type                      Level
   a - Static Discharge               Conjuration/Air              3
   b - Lightning Bolt                 Conjuration/Air              5
   c - Fireball                       Conjuration/Fire             5
   d - Tornado                        Air                          9
   e - Shatter                        Earth                        9
 E - a book of the Warp

   Spells                             Type                      Level
   a - Recall                         Summoning/Translocation      3
   b - Gell's Gravitas                Hexes/Translocation          3
   c - Control Teleport               Charms/Translocation         4
   d - Force Lance                    Conjuration/Translocation    4
   e - Phase Shift                    Translocation                5
   f - Warp Weapon                    Charms/Translocation         5
   g - Summon Forest                  Summoning/Translocation      5
Comestibles
 e - 5 bread rations
 g - a beef jerky
 p - a meat ration
 z - a royal jelly
 C - a slice of pizza


   Skills:
 + Level 6.2 Fighting
 + Level 6.1 Long Blades
 + Level 7.7 Armour
 + Level 5.7 Dodging
 + Level 0.8 Stealth
 + Level 8.0 Shields


You had 8 spell levels left.
You didn't know any spells.

Dungeon Overview and Level Annotations

Branches:
Dungeon (8/15)
 Temple: D:4-7         Lair: D:8-11

Altars:
Dithmenos
Elyvilon
Fedhas
Makhleb
Okawaru
Ru
Xom
Yredelemnul

Annotations:
D:7 Joseph


Innate Abilities, Weirdness & Mutations

You reflexively headbutt those who attack you in melee.
You have a pair of horns on your head.


Message History

Joseph is heavily wounded.
The worker ant twitches its antennae in your direction.
Joseph hits you with an uncursed quarterstaff of protection!
* * * LOW HITPOINT WARNING * * *
Read which item? (? for menu, Esc to quit)
Okay, then.
Drink which item? (? for menu, Esc to quit)
You feel yourself speed up. You block Joseph's attack.
You are very lightly contaminated with residual magic.
Items here: (( ) [ † 2 sling bullets; a scimitar of slicing; a plate armour; a tomahawk an orc corpse Read which item? (? for menu, Esc to quit)
As you read the scroll labeled UTUF JUIVACU, it crumbles to dust.
You feel aware of your surroundings.
You sensed 1 altar.
It was a scroll of magic mapping.
Joseph unwields an uncursed quarterstaff of protection.
Joseph wields an uncursed hunting sling of flaming.
It bursts into flame!
Joseph shoots a sling bullet.
The sling bullet hits you.
You die...

*,,*
#.######
*,,* #.#
*,,* #.#
*,,* #.#
*,,* #.#
*,,* #.#
*,** #.#
*,* #(#
*,* #@#
*,*
#)#******
*,*
#.@{a...#
*,*
#######.#
*,* *,*
*,* **,**
*,* *,,,*
** *,*
***,,,***
,** *,*
*,,,,,,,*


You could see Joseph.

Vanquished Creatures
  A hippogriff (D:8)
  Menkaure (D:6)
  Edmund (D:4)
  An orc warrior (D:7)
  2 ogres
  The ghost of Baka the Covered, an average HOFi (D:3)
  Blork the orc (D:5)
  3 giant frogs
  A scorpion (D:3)
  A crimson imp (D:6)
  2 orc priests (D:5)
  A hound (D:6)
  3 iguanas
  Crazy Yiuf (D:6)
  5 worker ants
  A gnoll shaman (D:7)
  7 orc wizards
  16 gnolls
  9 adders
  A shadow imp (D:5)
  2 oozes
  An adder zombie (D:7)
  3 adder skeletons
  A worm (D:3)
  3 giant geckos
  20 orcs
  A bat skeleton (D:5)
  6 giant cockroaches
  17 goblins
  15 hobgoblins
  7 jackals
  10 kobolds
  2 quokkas
  A ball python (D:2)
  9 bats
  3 giant gecko skeletons
  5 giant newts
  10 rats
175 creatures vanquished.

Notes
Turn   | Place    | Note
--------------------------------------------------------------
     0 | D:1      | Bull the Minotaur Fighter began the quest for the Orb.
     0 | D:1      | Reached XP level 1. HP: 19/19 MP: 0/0
    80 | D:1      | Reached skill level 4 in Shields
   105 | D:1      | Reached XP level 2. HP: 25/27 MP: 1/1
   517 | D:1      | Reached XP level 3. HP: 33/33 MP: 2/2
   893 | D:2      | Found a sacrificial altar of Ru.
  1120 | D:2      | Reached XP level 4. HP: 29/40 MP: 3/3
  1379 | D:3      | Noticed Baka's ghost (average HOFi)
  1394 | D:3      | Killed Baka's ghost
  1394 | D:3      | Reached skill level 5 in Armour
  1394 | D:3      | Reached skill level 1 in Dodging
  1394 | D:3      | Reached skill level 5 in Shields
  1394 | D:3      | Reached XP level 5. HP: 5/46 MP: 4/4
  1715 | D:3      | Found a basalt altar of Yredelemnul.
  1725 | D:3      | Found a white marble altar of Elyvilon.
  1729 | D:3      | Found a blossoming altar of Fedhas.
  2041 | D:3      | Reached XP level 6. HP: 25/53 MP: 5/5
  2360 | D:4      | Found a sacrificial altar of Ru.
  2925 | D:4      | Reached skill level 6 in Armour
  2925 | D:4      | Reached XP level 7. HP: 36/60 MP: 6/6
  2991 | D:4      | Reached skill level 5 in Fighting
  3069 | D:5      | Entered Level 5 of the Dungeon
  3172 | D:5      | Noticed Edmund
  3228 | D:4      | Killed Edmund
  3266 | D:4      | HP: 3/61 [poisoned by an orc wizard]
  3273 | D:4      | HP: 2/61 [poisoned by an orc wizard]
  3280 | D:4      | HP: 1/61 [poisoned by an orc wizard]
  3585 | D:5      | You fall through a shaft for 3 floors!
  3645 | D:8      | Reached skill level 5 in Long Blades
  3924 | D:8      | Reached XP level 8. HP: 69/69 MP: 7/7
  4191 | D:6      | Reached skill level 7 in Shields
  4298 | D:5      | Found an iron altar of Okawaru.
  4321 | D:5      | Noticed Blork the orc
  4349 | D:5      | Killed Blork the orc
  4808 | D:5      | Reached skill level 5 in Dodging
  4906 | D:5      | Found a shadowy altar of Dithmenos.
  5166 | D:6      | Noticed Menkaure
  5174 | D:6      | Killed Menkaure
  5400 | D:6      | Found a shimmering altar of Xom.
  5407 | D:6      | Found a burning altar of Makhleb.
  5578 | D:6      | Noticed Crazy Yiuf
  5585 | D:6      | Killed Crazy Yiuf
  5802 | D:7      | Reached skill level 8 in Shields
  5802 | D:7      | Reached XP level 9. HP: 35/75 MP: 8/8
  5813 | D:7      | Noticed Joseph
  5833 | D:7      | HP: 2/75 [Joseph/uncursed quarterstaff of protection (12)]
  5836 | D:7      | Shot with a sling bullet by Joseph

Vault maps used:
D:1:      minmay_arrival_doors
D:2:      nicolae_ru_awakened_eye
D:3:      minmay_overflow_temple_star_quad
D:4:      old_standard_altar, first_bread
D:5:      lemuel_coloured_pillars_altar, lemuel_doored_altar,
          uniq_blork_the_orc, uniq_edmund
D:6:      grunt_temple_overflow_champion_of_chaos, uniq_menkaure,
          uniq_crazy_yiuf_cottage
D:7:      nicolae_overflow_crystal_walls, minmay_temple_entry_from_below_a,
          grunt_ministairs_1, uniq_joseph
D:8:      minmay_misc_feat_hallway, hangedman_ranch

Action                   |  1- 3 |  4- 6 |  7- 9 || total
-------------------------+-------+-------+-------++-------
Melee: Long sword        |   105 |   168 |   309 ||   582
  Use: Potion            |       |     1 |     7 ||     8
       Scroll            |       |       |     7 ||     7
  Eat: Chunk             |     1 |     6 |     9 ||    16
